 Dungeon Crawl Stone Soup version 0.30-a0-457-g4b7bca3bfa (webtiles) character file.

Game seed: 10571425388043834733

103 Sabo the Gusty (level 4, -7/33 HPs)
             Began as a Demigod Air Elementalist on Dec 13, 2022.
             Mangled by a worm (9 damage)
             ... on level 2 of the Dungeon.
             The game lasted 00:09:30 (1649 turns).

Sabo the Gusty (Demigod Air Elementalist)           Turns: 1649, Time: 00:09:30

Health: -7/33      AC:  4    Str:  9    XL:     4   Next: 27%
Magic:  2/11       EV: 16    Int: 21    God:
Gold:   67         SH:  0    Dex: 14    Spells: 7/8 levels left

rFire   . . .      SeeInvis .    j - +2 hand axe
rCold   . . .      Faith    .    (no shield)
rNeg    . . .      Spirit   .    a - +0 robe
rPois   .          Reflect  .    h - +1 helmet
rElec   .          Harm     .    (no cloak)
rCorr   .          Rampage  .    (no gloves)
Will    .....                    (no boots)
Stlth   ++........               (no amulet)
HPRegen 0.25/turn                l - +4 ring of evasion
MPRegen 0.12/turn                (no ring)

@: no status effects
A: high MP 1, forlorn, divine attributes
a: no special abilities


You were on level 2 of the Dungeon.
You visited 1 branch of the dungeon, and saw 2 of its levels.

You collected 67 gold pieces.

Inventory:

Hand Weapons
 g - a +0 flail
 i - a +0 rapier
 j - a +2 hand axe (weapon)
Armour
 a - a +0 robe (worn)
 h - a +1 helmet (worn)
Jewellery
 l - a +4 ring of evasion (left hand)
Scrolls
 k - a scroll of enchant armour {unknown}
Potions
 b - a potion of magic
 c - 4 potions of invisibility {unknown}
 d - a potion of heal wounds {unknown}
 e - a potion of might {unknown}
 f - a potion of ambrosia {unknown}


   Skills:
 + Level 0.1 Fighting
 + Level 0.1 Axes
 + Level 2.5 Dodging
 + Level 1.9 Stealth
 + Level 0.1 Unarmed Combat
 + Level 2.9 Spellcasting
 + Level 1.3 Conjurations
 + Level 3.2 Air Magic


You had 7 spell levels left.
You knew the following spells:

 Your Spells              Type           Power      Damage    Failure   Level
a - Shock                 Conj/Air       48%        1d6       5%          1

Your spell library contained the following spells:

 Spells                   Type           Power      Damage    Failure   Level
 Static Discharge         Conj/Air       24%        2-3/arc   8%          2
 Swiftness                Air            16%        N/A       11%         3
 Dazzling Flash           Conj/Hex       10%        N/A       30%         3
 Airstrike                Air            8%         2d(2-18)  34%         4
 Ozocubu's Armour         Ice            3%         N/A       38%         3
 Iskenderun's Mystic Bla  Conj/Tloc      5%         2d3       71%         4
 Starburst                Conj/Fire      2%         6d3       100%        6
 Ozocubu's Refrigeration  Ice            1%         4d7       100%        7


Dungeon Overview and Level Annotations

Branches:
Dungeon (2/15)

Annotations:
D:1 1 transporter


Innate Abilities, Weirdness & Mutations

You have an increased reservoir of magic. (+10% MP)
You shall have no god before yourself.
Your divine heritage dramatically boosts your attributes as you level up.


Message History

A worm comes into view.
Your magical contamination has completely faded away.
You have reached level 4!
The gnoll barely misses you.
A gnoll comes into view. It is wielding a +0 flail.
You see here a +0 spear.
You closely miss the gnoll. The gnoll closely misses you.
You barely miss the gnoll. The gnoll closely misses you.
The gnoll barely misses you.
You hit the gnoll.
The gnoll is lightly wounded.
The gnoll barely misses you.
You hit the gnoll.
The gnoll is heavily wounded.
The gnoll hits you with a +0 spear.
You completely miss the gnoll.
The gnoll is heavily wounded.
The gnoll closely misses you. The gnoll hits you with a +0 spear.
You closely miss the gnoll. x2; The gnoll barely misses you.
The gnoll closely misses you.
You barely miss the gnoll.
The gnoll is heavily wounded.
You hit the gnoll. The gnoll barely misses you. x2
You hit the gnoll.
The gnoll is almost dead.
You hit the gnoll but do no damage. The gnoll hits you with a +0 flail.
* * * LOW HITPOINT WARNING * * *
The gnoll closely misses you.
You hit the gnoll.
You kill the gnoll!
You hit the gnoll. The gnoll hits you with a +0 flail.
* * * LOW HITPOINT WARNING * * *
The gnoll misses you.
You hit the gnoll.
The gnoll is almost dead.
The gnoll barely misses you.
You slash the gnoll!
You kill the gnoll!
Found a short sword.
The worm bites you!
You die...

............ #) #
#.....##..... #. #.
#.....####... #.
.###............ #.#
.#............. #..
#.##...........
#..###).#.....).....
#.#'.#).$.##..........
#...w@)..$.......####.
#....##.$..#..........
#.... #..###.###.#####
#.... ##.#...# #......
#.... ......# #######
#.... ........
##.....?.#####
#......w# ..


You could see a worm.

Vanquished Creatures
  5 gnolls
  3 adders (D:2)
  A dart slug (D:2)
  3 endoplasms
  2 giant cockroaches
  A goblin (D:2)
  2 hobgoblins
  A quokka (D:1)
  2 ball pythons
  6 bats
  2 frilled lizards (D:1)
  A kobold (D:2)
  4 rats
33 creatures vanquished.

Vanquished Creatures (others)
  4 plants (D:1)
4 creatures vanquished.

Grand Total: 37 creatures vanquished

Notes
Turn   | Place    | Note
-------+----------+-------------------------------------------
     0 | D:1      | Sabo the Demigod Air Elementalist began the quest for the
                  | Orb.
     0 | D:1      | Reached XP level 1. HP: 14/14 MP: 5/5
   193 | D:1      | Reached XP level 2. HP: 14/20 MP: 0/7
   407 | D:1      | Reached skill level 1 in Conjurations
   498 | D:1      | Reached skill level 3 in Air Magic
   937 | D:2      | Reached XP level 3. HP: 26/26 MP: 1/8
  1637 | D:2      | Reached XP level 4. HP: 14/33 MP: 0/11
  1646 | D:2      | HP: 1/33 [gnoll/+0 flail (6)]
  1649 | D:2      | Mangled by a worm

Illustrated notes

Levels and vault maps discovered:
D:1:      spicycebolla_arrival_transporter_tutorial, layout_rooms,
          chequers_ecumenical_altar_island, nicolae_grassy_gnolls
D:2:      layout_basic, minmay_pentomino_z4, uniq_crazy_yiuf_cottage

Skill      XL: |  1  2 |
---------------+-------+-----
Dodging        | 2 |  2.5
Conjurations   | 1 |  1.3
Air Magic      | 3 |  3.2
Spellcasting   | 2 |  2.9
Fighting       | |  0.1
Axes           | |  0.1
Stealth        | |  1.9
Unarmed Combat | |  0.1

Action                   |  1- 3 |  4- 6 || total
-------------------------+-------+-------++-------
Melee: Unarmed           |     5 |       ||     5
       Flail             |     5 |       ||     5
       Hand axe          |    10 |    11 ||    21
 Cast: Shock             |    72 |       ||    72
  Use: Scroll            |     2 |       ||     2
 Stab: Sleeping          |     1 |       ||     1
Armor: Robe              |     7 |       ||     7
Dodge: Dodged            |    17 |    13 ||    30

Table legend: (Time is in decaauts)
 A = Elapsed time spent in this place.
 B = Non-inter-level travel time spent in this place.
 C = Inter-level travel time spent in this place.
 D = Time resting spent in this place.
 E = Time spent auto-exploring this place.
 F = Levels seen in this place.
 G = Mean time per level.
                   A        B        C        D        E       F      G
               +--------+--------+--------+--------+--------+-----+--------+
         Total |   1658 |   1658 |      0 |    955 |      0 |   2 |  829.0 |
       Dungeon |   1658 |   1658 |      0 |    955 |      0 |   2 |  829.0 |
               +--------+--------+--------+--------+--------+-----+--------+

Top non-repeatable levels by time:
     D:2: 898 daAuts
     D:1: 760 daAuts
